 Dungeon Crawl Stone Soup version 0.17-a0-1037-gbf358b4 (webtiles) character file.

175242 Fluffy the Severer (level 18, -6/172 HPs)
             Began as a Hill Orc Fighter on May 13, 2015.
             Was the Champion of Okawaru.
             Killed from afar by a deep elf death mage (28 damage)
             ... with a bolt of negative energy
             ... on level 3 of the Elven Halls on May 14, 2015.
             The game lasted 02:34:41 (32600 turns).

Fluffy the Severer (Hill Orc Fighter)              Turns: 32600, Time: 02:34:42

Health: -6/172     AC: 22    Str: 21    XL:     18   Next: 9%
Magic:  30/30      EV: 14    Int:  8    God:    Okawaru [******]
Gold:   928        SH:  5    Dex: 16    Spells: 0 memorised, 17 levels left

rFire  + . .     SeeInvis .     A - +3 broad axe (flame)
rCold  + . .     Clarity  .     I - quicksilver dragon armour
rNeg   . . .     SustAb   .     R - +0 buckler {rF+}
rPois  .         Gourm    .     u - +0 helmet
rElec  .         Spirit   .     N - +0 cloak "Ywizyluw" {Slay+2}
rCorr  .         Warding  .     E - +1 pair of gloves {archery}
rMut   .         Stasis   .     W - +0 pair of boots
MR     +++..                    y - amulet of regeneration
Stlth  +.........               U - ring of protection from cold
                                k - ring of protection from magic

@: lethally poisoned (-6 -> -7), studying Unarmed Combat, heavily drained,
extremely resistant to hostile enchantments, very unstealthy
A: no striking features
a: Heroism, Finesse, Renounce Religion


You were on level 3 of the Elven Halls.
You worshipped Okawaru.
Okawaru was exalted by your worship.
You were not hungry.

You visited 5 branches of the dungeon, and saw 31 of its levels.
You also visited: Ossuary, Ice Cave and Volcano.

You collected 3448 gold pieces.
You spent 2520 gold pieces at shops.

Inventory:

Hand weapons
 h - a +1 vampiric battleaxe
 A - a +3 broad axe of flaming (weapon)
Armour
 q - the +1 fire dragon armour of Iskereom {rElec rF++ rC- Int+3}
   (You bought it in a shop on level 4 of the Orcish Mines)

   It affects your intelligence (+3).
   It greatly protects you from fire.
   It makes you vulnerable to cold.
   It insulates you from electricity.
 u - a +0 helmet (worn)
 z - the +0 cloak of the Blind Marksman {+Fly MR+}
   (Okawaru gifted it to you on level 11 of the Dungeon)

   It affects your resistance to hostile enchantments.
   It lets you fly.
 E - a +1 pair of gloves of archery (worn)
 I - a quicksilver dragon armour (worn)
 N - the +0 cloak "Ywizyluw" (worn) {Slay+2}
   (Okawaru gifted it to you on level 2 of the Elven Halls)

   It affects your accuracy and damage with ranged weapons and melee attacks
   (+2).
 R - a +0 buckler of fire resistance (worn)
 W - a +0 pair of boots (worn)
Jewellery
 d - an uncursed ring of see invisible
 k - a ring of protection from magic (left hand)
 y - an amulet of regeneration (around neck)
 U - a ring of protection from cold (right hand)
Magical devices
 c - a wand of fireball (8)
 i - a wand of heal wounds (6)
 x - a wand of digging (9)
 C - a wand of cold (10)
 F - a wand of digging (7)
 G - a wand of fire (1)
 P - a wand of digging (12)
 Y - a wand of teleportation (2)
Scrolls
 f - 19 scrolls of remove curse
 g - 4 scrolls of blinking
 p - 6 scrolls of enchant weapon
 s - a scroll of summoning
 w - a scroll of holy word
 B - 4 scrolls of brand weapon
 J - 5 scrolls of enchant armour
 M - 5 scrolls of recharging
 Q - 3 scrolls of magic mapping
 T - 9 scrolls of teleportation
 X - 14 scrolls of identify
Potions
 b - 2 potions of might
 n - 5 potions of cancellation
 v - 5 potions of agility
 D - 16 potions of curing
 H - 2 potions of cure mutation
 L - 2 potions of resistance
 O - 2 potions of haste
Books
 S - a manual of Unarmed Combat
Miscellaneous
 a - a stone of tremors
 o - a fan of gales
 V - a phial of floods
Comestibles
 e - 21 bread rations
 j - 11 meat rations
 l - 15 royal jellies
 m - 8 beef jerkies
 r - 18 fruits
 K - 9 slices of pizza


   Skills:
 + Level 18.0(15.1) Fighting
 + Level 19.0(16.1) Axes
 + Level 16.6(13.9) Armour
 + Level 7.8(5.6) Dodging
 - Level 6.1(3.9) Shields
 + Level 17.9(15.1) Invocations


You had 17 spell levels left.
You didn't know any spells.

Dungeon Overview and Level Annotations

Branches:
Dungeon (15/15)            Temple (1/1) D:4            Lair (8/8) D:10
 Shoals (0/4) Lair:5       Spider (0/4) Lair:3        Slime (0/6) Lair:6
    Orc (4/4) D:12            Elf (3/3) Orc:4        Vaults (0/5) D:14
 Depths (0/5) D:15

Altars:
Ashenzari
Cheibriados
Dithmenos
Elyvilon
Fedhas
Gozag
Kikubaaqudgha
Makhleb
Nemelex Xobeh
Okawaru
Qazlal
Ru
Sif Muna
Trog
Vehumet
Xom
Yredelemnul
Zin
The Shining One
Beogh
Jiyva
Lugonu

Shops:
D:8 :*!   D:10 *   Orc:2 *   Orc:4 [*=%   Elf:1 ?

Annotations:
D:3 onwiheg's ghost, average GrBe


Message History

The deep elf fighter gestures wildly while chanting.
The deep elf fighter seems to speed up.
You slash the deep elf death mage! You burn the deep elf death mage.
The deep elf death mage is almost dead.
You block the deep elf death mage's attack.
You hit the deep elf death mage. You burn the deep elf death mage.
The deep elf death mage is almost dead.
You feel sick.
The deep elf fighter mumbles some strange words.
The deep elf fighter blinks!
You hit the deep elf death mage. You burn the deep elf death mage.
The deep elf death mage is almost dead.
The deep elf death mage is infused with unholy energy.
* * * LOW HITPOINT WARNING * * *
The deep elf death mage draws life force from you and is healed!
Drink which item? (? for menu, Esc to quit)
You feel much better.
The deep elf death mage casts a spell at you.
The bolt of negative energy hits you!
You feel drained.
You die...

#...........#
#######(#####
#(# #)# #(#
#(# #)# #)#
#@# #e# .§.
..... .......
.........
#....⌠e...#
..........#


You could see a deep elf death mage and a deep elf fighter.

Vanquished Creatures
  3 deep elf blademasters
  An Executioner (Elf:3)
  A frost giant (IceCv)
  Maud (Orc:2)
  3 deep elf sorcerers
  An orc warlord (Orc:4)
  3 deep elf annihilators
  The ghost of Eurashka the Severer, a powerful HOBe of Trog (D:13)
  3 deep elf death magi (Elf:3)
  2 vault guards (D:14)
  The ghost of oplop the Reanimator, a powerful DDNe of Makhleb (D:10)
  2 deep elf high priests (Elf:3)
  6 hydras
  Erica (D:11)
  3 catoblepae (Lair:8)
  An ogre mage (Orc:4)
  14 dancing weapons (Elf:2)
  4 centaur warriors
  15 death yaks
  Urug (Lair:1)
  7 orc high priests
  Sonja (Lair:2)
  Nergalle (D:12)
  2 small abominations
  3 unseen horrors (D:15)
  17 deep elf knights
  A fire crab (Lair:8)
  An ice statue (IceCv)
  5 hill giants
  10 deep elf summoners
  4 orc knights
  12 deep elf conjurers
  An anubis guard (shapeshifter) (Elf:1)
  A wizard (D:14)
  6 orc sorcerers
  2 necromancers
  5 ugly things (D:15)
  4 cyclopes
  2 manticores
  16 spiny frogs
  5 centaur zombies
  A sixfirhy (Orc:4)
  A smoke demon (Orc:4)
  Joseph (D:7)
  14 elephants
  The ghost of JetFlynn the Ruffian, an experienced TrWz of Ashenzari (D:6)
  4 black mambas
  A gargoyle (D:10)
  A naga mage (D:15)
  A torpor snail (Lair:3)
  The ghost of inmateoo the Firebug, an experienced DrFE (Ossuary)
  A demonic crawler (Elf:2)
  6 fire drakes
  An elf (shapeshifter) (Elf:3)
  2 redback zombies (D:15)
  A hellwing (Orc:4)
  A queen bee (Lair:5)
  9 deep elf priests
  6 komodo dragons
  A yaktaur (shapeshifter) (Elf:1)
  4 jumping spiders
  10 blink frogs
  10 trolls
  19 polar bears
  A jumping spider (shapeshifter) (Elf:2)
  8 two-headed ogres
  7 slime creatures
  Sigmund (D:2)
  A ynoxinul (Orc:3)
  A redback (shapeshifter) (Elf:1)
  5 trapdoor spiders
  22 humans
  69 yaks
  3 redbacks
  2 tarantellas
  3 wyverns
  23 deep elf magi
  3 wraiths
  3 basilisks
  7 vampire mosquitoes
  28 deep elf fighters
  A hog (D:7)
  36 wolves
  7 hippogriffs
  A chaos spawn (Orc:4)
  Menkaure (D:4)
  A steam dragon (D:11)
  A mottled dragon (D:12)
  Edmund (D:6)
  4 wargs
  3 necrophages
  12 porcupines
  53 orc warriors
  15 water moccasins
  5 ice beasts
  2 phantoms (D:11)
  A wasp (D:14)
  7 black bears
  7 sky beasts
  19 ogres
  15 crocodiles
  10 centaurs
  A lost soul (Elf:3)
  2 big kobolds
  2 elf zombies (D:5)
  20 giant frogs
  A brain worm (D:15)
  An elf skeleton (D:5)
  A wyvern skeleton (D:11)
  A jelly (D:13)
  8 scorpions
  An electric eel (Lair:5)
  29 killer bees
  16 wights
  4 crimson imps
  26 orc wizards
  A quasit (Orc:4)
  3 giant frog skeletons
  A gnoll shaman (D:8)
  37 orc priests
  Crazy Yiuf (D:2)
  4 centaur skeletons
  6 hounds
  8 worker ants
  Terence (D:2)
  6 iguanas
  5 spectral orcs (D:12)
  7 hell rats
  13 sheep
  A hound skeleton (D:9)
  2 worker ant zombies
  Robin (D:4)
  10 adders
  8 gnolls
  40 river rats
  4 shadow imps
  3 oozes
  6 adder zombies
  6 worms
  2 adder skeletons
  5 giant geckos
  307 orcs
  12 bats
  16 hobgoblins
  20 jackals
  8 quokkas
  2 ball python skeletons (Ossuary)
  9 giant cockroaches
  4 giant newts
  49 goblins
  A hobgoblin zombie (Ossuary)
  A jackal skeleton (D:8)
  26 kobolds
  An orc skeleton (D:5)
  5 orc zombies
  A quokka zombie (D:9)
  25 rats
  3 crawling corpses (Elf:3)
  17 fungi
  7 plants
1467 creatures vanquished.

Vanquished Creatures (others)
  A deep elf high priest (Elf:3)
  A deep elf conjurer (Elf:1)
  A deep elf mage (Elf:1)
  A centaur simulacrum (D:15)
  A yak (IceCv)
  3 wolves (IceCv)
  A lost soul (Elf:3)
  2 river rats (Lair:5)
  2 orcs (D:4)
  A quokka (D:4)
  A fungus (Lair:8)
  A plant (Lair:8)
16 creatures vanquished.

Grand Total: 1483 creatures vanquished

Notes
Turn   | Place    | Note
--------------------------------------------------------------
     0 | D:1      | Fluffy the Hill Orc Fighter began the quest for the Orb.
     0 | D:1      | Reached XP level 1. HP: 19/19 MP: 1/1
    80 | D:1      | Reached XP level 2. HP: 22/27 MP: 2/2
    80 | D:1      | Reached skill level 4 in Fighting
   481 | D:1      | Reached XP level 3. HP: 31/33 MP: 3/3
   563 | D:1      | You fall through a shaft!
   564 | D:2      | Found a basalt altar of Yredelemnul.
   890 | D:2      | Found an opulent altar of Gozag.
   976 | D:2      | Noticed Terence
  1000 | D:2      | Killed Terence
  1000 | D:2      | Reached XP level 4. HP: 32/41 MP: 4/4
  1075 | D:2      | You fall through a shaft!
  1075 | D:3      | Noticed onwiheg's ghost (average GrBe)
  1080 | D:2      | Noticed Sigmund
  1085 | D:2      | Killed Sigmund
  1085 | D:2      | Reached skill level 5 in Fighting
  1085 | D:2      | Reached skill level 5 in Axes
  1085 | D:2      | Reached skill level 5 in Armour
  1085 | D:2      | Reached XP level 5. HP: 41/48 MP: 5/5
  1085 | D:2      | Reached XP level 6. HP: 47/56 MP: 6/6
  1330 | D:2      | Found a shattered altar of Ashenzari.
  1388 | D:2      | Noticed Crazy Yiuf
  1396 | D:2      | Killed Crazy Yiuf
  1719 | D:2      | Found a shadowy altar of Dithmenos.
  2018 | D:3      | Reached skill level 6 in Fighting
  2206 | D:3      | Reached XP level 7. HP: 60/63 MP: 7/7
  3505 | D:4      | Noticed a hippogriff
  3536 | D:4      | Killed a hippogriff
  3804 | D:4      | Noticed Menkaure
  3809 | D:4      | Killed Menkaure
  3809 | D:4      | Reached skill level 7 in Fighting
  3889 | D:4      | Reached XP level 8. HP: 44/73 MP: 8/8
  4028 | D:4      | Found a staircase to the Ecumenical Temple.
  4035 | Temple   | Entered the Ecumenical Temple
  4078 | Temple   | Became a worshipper of Warmaster Okawaru
  4295 | D:4      | Found a white marble altar of Elyvilon.
  4400 | D:4      | Reached skill level 1 in Invocations
  4657 | D:4      | Noticed Robin
  4668 | D:4      | Killed Robin
  4698 | D:4      | Got a pitted arbalest
  4710 | D:4      | Identified the cursed +3 arbalest of Nemelex Xobeh {elec, rC+ rN+ Int+3} (You found it on level 4 of the Dungeon)
  4837 | D:5      | Entered Level 5 of the Dungeon
  4944 | D:5      | Found a burning altar of Makhleb.
  5204 | D:5      | Found a sand-covered staircase.
  5232 | Ossuary  | Entered an ossuary
  5316 | Ossuary  | Acquired Okawaru's first power
  5333 | Ossuary  | Noticed inmateoo's ghost (experienced DrFE)
  5363 | Ossuary  | Killed inmateoo's ghost
  5363 | Ossuary  | Reached skill level 8 in Fighting
  5499 | Ossuary  | Noticed a flying skull
  5504 | Ossuary  | Noticed a flying skull
  5533 | Ossuary  | Noticed a flying skull
  5663 | Ossuary  | Noticed a flying skull
  5692 | Ossuary  | Reached XP level 9. HP: 77/82 MP: 10/12
  6010 | D:5      | Reached skill level 5 in Invocations
  6015 | D:5      | Reached skill level 9 in Fighting
  6655 | D:6      | Noticed JetFlynn's ghost (experienced TrWz)
  6668 | D:6      | Killed JetFlynn's ghost
  6688 | D:6      | Noticed Edmund
  6695 | D:6      | Killed Edmund
  6799 | D:6      | Reached XP level 10. HP: 92/92 MP: 14/14
  6968 | D:7      | Noticed Joseph
  6986 | D:7      | Killed Joseph
  6986 | D:7      | Reached skill level 10 in Fighting
  7079 | D:7      | Reached skill level 10 in Axes
  7184 | D:7      | Found a sparkling altar of Nemelex Xobeh.
  7385 | D:7      | Found a shimmering altar of Xom.
  7683 | D:8      | Found Gewech's Assorted Antiques.
  7862 | D:8      | Found Hymiogan's Distillery.
  8191 | D:8      | Found Olujod's Book Shoppe.
  8430 | D:9      | Got an agate-studded ring mail
  8451 | D:9      | Identified the cursed +1 ring mail "Gomeothu" {Str+2} (You found it on level 9 of the Dungeon)
  8694 | D:9      | Noticed a centaur warrior
  8712 | D:9      | Killed a centaur warrior
  8712 | D:9      | Reached skill level 11 in Fighting
  8712 | D:9      | Reached skill level 10 in Armour
  8719 | D:9      | Reached XP level 11. HP: 23/102 MP: 17/17
  9117 | D:10     | Entered Level 10 of the Dungeon
  9117 | D:10     | Found Oragyidgh's Assorted Antiques.
  9123 | D:10     | Bought 2 bubbling pink potions for 43 gold pieces
  9123 | D:10     | Bought a white potion for 21 gold pieces
  9123 | D:10     | Bought a brown potion for 21 gold pieces
  9123 | D:10     | Bought a white potion for 21 gold pieces
  9236 | D:10     | Identified a scroll of acquirement
  9248 | D:10     | Found a staircase to the Lair.
  9284 | D:10     | Noticed oplop's ghost (powerful DDNe)
  9310 | D:10     | Killed oplop's ghost
  9333 | D:10     | Acquired Okawaru's second power
  9494 | D:10     | Got an encrusted leather armour
  9505 | D:10     | Identified the +1 leather armour "Esheath" {rPois MR+ rCorr} (You found it on level 10 of the Dungeon)
  9944 | D:11     | Noticed Erica
  9958 | D:11     | Killed Erica
 10035 | D:11     | Reached skill level 12 in Axes
 10058 | D:11     | Reached skill level 10 in Invocations
 10257 | D:11     | Noticed a hill giant
 10267 | D:11     | Noticed a hill giant
 10284 | D:11     | Killed a hill giant
 10284 | D:11     | Received a gift from Okawaru
 10297 | D:11     | Killed a hill giant
 10298 | D:11     | Got an encrusted cloak {god gift}
 10309 | D:11     | Identified the +0 cloak of the Blind Marksman {+Fly MR+} (Okawaru gifted it to you on level 11 of the Dungeon)
 10882 | D:12     | Reached XP level 12. HP: 58/112 MP: 20/20
 11298 | D:12     | Found a roughly hewn altar of Beogh.
 11298 | D:12     | Found a staircase to the Orcish Mines.
 11299 | D:12     | Noticed Nergalle
 11313 | D:12     | Noticed a hill giant
 11330 | D:12     | Killed a hill giant
 11447 | D:12     | Killed Nergalle
 11447 | D:12     | Reached skill level 13 in Axes
 11984 | Lair:1   | Entered Level 1 of the Lair of Beasts
 12447 | Lair:1   | Noticed Urug
 12458 | Lair:1   | Killed Urug
 12485 | Lair:1   | Found a dark tunnel.
 12493 | Volcano  | Entered a volcano
 12641 | Volcano  | Reached XP level 13. HP: 78/122 MP: 22/22
 12874 | Lair:1   | Reached skill level 14 in Axes
 13093 | Lair:2   | Received a gift from Okawaru
 13414 | Lair:2   | Noticed Sonja
 13593 | Lair:2   | Killed Sonja
 13593 | Lair:2   | Received a gift from Okawaru
 14352 | Lair:3   | Found a hole to the Spider Nest.
 14615 | Lair:3   | Received a gift from Okawaru
 14838 | Lair:3   | Found a snail-covered altar of Cheibriados.
 15651 | Lair:4   | Upgraded the game from 0.17-a0-1011-gfa70bdd to 0.17-a0-1037-gbf358b4
 16669 | Lair:5   | Reached skill level 15 in Axes
 16787 | Lair:5   | Reached XP level 14. HP: 95/133 MP: 24/24
 16851 | Lair:5   | Found a staircase to the Shoals.
 16875 | Lair:5   | Found a frozen archway.
 16888 | IceCv    | Entered an ice cave
 17234 | IceCv    | Received a gift from Okawaru
 17465 | IceCv    | Noticed a frost giant
 17487 | IceCv    | Killed a frost giant
 17502 | IceCv    | Reached skill level 15 in Fighting
 17601 | IceCv    | Identified the Collected Works on the Frostbite and Conjuration
 18411 | Lair:6   | Received a gift from Okawaru
 18488 | Lair:6   | Reached skill level 16 in Axes
 18711 | Lair:6   | Reached skill level 1 in Dodging
 18893 | Lair:6   | Found a viscous altar of Jiyva.
 18896 | Lair:6   | Found a staircase to the Slime Pits.
 19112 | Lair:7   | Reached skill level 15 in Invocations
 19262 | Lair:7   | Received a gift from Okawaru
 19455 | Lair:7   | Received a gift from Okawaru
 19612 | Lair:7   | Reached XP level 15. HP: 131/141 MP: 26/26
 19790 | Lair:8   | Entered Level 8 of the Lair of Beasts
 20472 | Lair:8   | Reached skill level 5 in Shields
 20657 | Lair:8   | Received a gift from Okawaru
 20658 | Lair:8   | Got a tattered robe {god gift}
 20787 | Lair:8   | Found a deep blue altar of Sif Muna.
 21348 | Lair:6   | Identified the +0 robe of the Arcane {rN+ Str+5 Int-3 SInv} (Okawaru gifted it to you on level 8 of the Lair of Beasts)
 21632 | Orc:1    | Entered Level 1 of the Orcish Mines
 22000 | Orc:2    | Noticed Maud
 22024 | Orc:2    | Killed Maud
 22537 | Orc:2    | Found Usiofem's Assorted Antiques.
 23106 | Orc:3    | Found a roughly hewn altar of Beogh.
 23250 | Orc:4    | Entered Level 4 of the Orcish Mines
 23369 | Orc:4    | Reached skill level 17 in Axes
 23699 | Orc:4    | Found a roughly hewn altar of Beogh.
 23769 | Orc:4    | Reached skill level 15 in Armour
 23863 | Orc:4    | Found Foecs's Jewellery Boutique.
 23882 | Orc:4    | Found Fyrifack's Food Shop.
 24453 | Orc:4    | Found a staircase to the Elven Halls.
 24534 | Orc:4    | Received a gift from Okawaru
 24556 | Orc:4    | Got an iridescent short sword {god gift}
 24565 | Orc:4    | Identified the +4 short sword of the Final Decision {flame, -Tele rF+ rN+ MP+9} (Okawaru gifted it to you on level 4 of the Orcish Mines)
 24638 | Orc:4    | Reached XP level 16. HP: 127/151 MP: 20/28
 24651 | Orc:4    | Found a roughly hewn altar of Beogh.
 24685 | Orc:4    | Found Devafo's Assorted Antiques.
 24982 | Orc:4    | Found Paripp's Antique Armour Shop.
 25137 | Orc:4    | Bought a smoking fire dragon armour for 1235 gold pieces
 25152 | Orc:4    | Identified the +1 fire dragon armour of Iskereom {rElec rF++ rC- Int+3} (You bought it in a shop on level 4 of the Orcish Mines)
 25165 | Orc:4    | Bought an opal-encrusted chain mail for 180 gold pieces
 25182 | Orc:4    | Identified the +2 chain mail of Oticvuic {Str+4} (You bought it in a shop on level 4 of the Orcish Mines)
 25225 | Orc:4    | Bought a murky yellow potion for 24 gold pieces
 25225 | Orc:4    | Bought a dented garnet amulet for 135 gold pieces
 25225 | Orc:4    | Bought a pitted hand axe for 216 gold pieces
 25237 | Orc:4    | Identified the cursed +0 hand axe of Jorul Jeo {drain, rN+ Stlth+} (You bought it in a shop on level 4 of the Orcish Mines)
 25247 | Orc:4    | Bought a potion of heal wounds for 135 gold pieces
 25247 | Orc:4    | Bought a bronze wand for 108 gold pieces
 25247 | Orc:4    | Bought a potion of curing for 81 gold pieces
 25331 | Orc:2    | Bought a potion of curing for 102 gold pieces
 25611 | D:8      | Bought a potion of curing for 33 gold pieces
 25611 | D:8      | Bought a potion of might for 44 gold pieces
 25611 | D:8      | Bought a potion of curing for 33 gold pieces
 25611 | D:8      | Bought a potion of heal wounds for 55 gold pieces
 25611 | D:8      | Bought a potion of curing for 33 gold pieces
 25881 | D:13     | Noticed Eurashka's ghost (powerful HOBe)
 25909 | D:13     | Killed Eurashka's ghost
 26184 | D:13     | Reached skill level 5 in Dodging
 26303 | D:13     | Received a gift from Okawaru
 26460 | D:13     | Found a corrupted altar of Lugonu.
 26993 | D:14     | Found a gate to the Vaults.
 27632 | D:15     | Entered Level 15 of the Dungeon
 28263 | D:15     | Found a staircase to the Depths.
 28725 | Orc:4    | Reached skill level 18 in Axes
 28785 | Elf:1    | Entered Level 1 of the Elven Halls
 28857 | Elf:1    | Found Begin's Magic Scroll Boutique.
 29476 | Elf:1    | Reached XP level 17. HP: 143/161 MP: 29/29
 30085 | Elf:2    | Received a gift from Okawaru
 30099 | Elf:2    | Got a dazzling cloak {god gift}
 30110 | Elf:2    | Identified the +0 cloak "Ywizyluw" {Slay+2} (Okawaru gifted it to you on level 2 of the Elven Halls)
 30833 | Elf:2    | Found a huge runed gate.
 30833 | Elf:2    | Found a huge runed gate.
 30833 | Elf:2    | Found a huge runed gate.
 30833 | Elf:2    | Found a huge runed gate.
 30838 | Elf:2    | Found a huge runed gate.
 31399 | Elf:2    | Noticed a deep elf blademaster
 31422 | Elf:2    | Killed a deep elf blademaster
 31830 | Elf:3    | Entered Level 3 of the Elven Halls
 32031 | Elf:3    | Noticed a deep elf blademaster
 32040 | Elf:3    | Noticed an Ice Fiend
 32067 | Elf:3    | Noticed a deep elf blademaster
 32079 | Elf:3    | HP: 8/163 [Executioner[a deep elf demonologist] (3)]
 32138 | Elf:2    | Killed a deep elf blademaster
 32331 | Elf:3    | Killed a deep elf blademaster
 32331 | Elf:3    | Received a gift from Okawaru
 32331 | Elf:3    | Reached XP level 18. HP: 124/171 MP: 30/30
 32541 | Elf:3    | Reached skill level 19 in Axes
 32599 | Elf:3    | HP: 7/172 [deep elf death mage/vampiric draining (27)]
 32600 | Elf:3    | Killed from afar by a deep elf death mage

Vault maps used:
D:1:      ncdulo_watergridlock
D:2:      lemuel_doored_altar, lemuel_crystal_altar, ashenzari_altar_1,
          nicolae_overflow_hidden_temple, first_bread, uniq_terence,
          uniq_sigmund, uniq_crazy_yiuf_cottage
D:3:      kennysheep_the_goblin_king
D:4:      kennysheep_goblin_castle, temple_statues, kennysheep_crisscross,
          elyvilon_altar_4, uniq_menkaure
D:5:      lemuel_crystal_altar, nicolae_ossuary_entry_catacombs,
          grunt_decor_arrowhead
D:6:      uniq_edmund
D:7:      lemuel_round_altar, tgw_xom, grunt_livestock, uniq_joseph
D:8:      serial_shops, nicolae_shop_crystal,
          nicolae_shop_competitors_out_of_business, shop,
          minmay_misc_feat_encased
D:10:     lair_0_dummy, serial_shops, shop, item_on_display_a
D:11:     uniq_erica
D:12:     david_orc_5, grunt_ministairs_4, uniq_nergalle, uniq_gastronok
D:13:     serial_glass, glass_columns_a, glass_columns_a, tgw_lugonu_bribe
D:14:     grunt_vaults_entry_tiered, roderic_curled_sauvastika
D:15:     grunt_enter_depths_magical_seal
Temple:   circular_temple_pool_12
Lair:1:   beast_lair_carwin_large_2, lightli_volcano_entry_magma_tube,
          grunt_forest_small_clearing_treed, uniq_urug
Lair:2:   infiniplex_staircase_pool, uniq_sonja
Lair:3:   spider_nest_entry_webs, basic_altar
Lair:4:   serial_forest, infiniplex_forest_straight_2, infiniplex_forest_end_3,
          infiniplex_forest_lined_room_2, infiniplex_forest_clump_C,
          infiniplex_forest_straight_1, infiniplex_forest_end_2,
          nicolae_lair_grove_arrangements, lemuel_fruit_fields
Lair:5:   minmay_shoals_entry_centaurs, portal_ice_cave_entry_pillars_02,
          minmay_lair_drake_nest, infiniplex_staircase_pool_2,
          lemuel_fruit_fields, serial_bayou_shore_a
Lair:6:   slime_altar_1, beast_lair_carwin_5
Lair:8:   evilmike_catoblepas_cave, basic_altar, lookout_lair_type
Orc:2:    serial_shops, nicolae_shop_behind_doors, uniq_maud
Orc:3:    nicolae_orc_pool_cavern, kennysheep_orc_chapel
Orc:4:    pubby_orc_utopia, serial_shops
Elf:1:    serial_shops, shop, evilmike_minifort, hangedman_corner_corridor
Elf:2:    serial_sigils_hangedman_snap, wad_floor_pattern_untrapped,
          hangedman_glass_teeth, grunt_ministairs_11, spider_trap,
          kilobyte_mutagenic_chamber
Elf:3:    grunt_elf_hall_diamonds, fake_guardian_serpent_vault
Ossuary:  ossuary_due_cavern
IceCv:    ice_cave_caverns_02
Volcano:  volcano_pools

Action                   |  1- 3 |  4- 6 |  7- 9 | 10-12 | 13-15 | 16-18 || total
-------------------------+-------+-------+-------+-------+-------+-------++-------
Melee: War axe           |    94 |   102 |   108 |   746 |       |       ||  1050
       Hand axe          |       |    48 |   487 |       |       |       ||   535
       Broad axe         |       |       |       |       |  1548 |  1078 ||  2626
Invok: Heroism           |       |       |     2 |     6 |     6 |     6 ||    20
       Finesse           |       |       |       |     3 |     5 |     6 ||    14
 Abil: Evoke Flight      |       |       |       |       |     1 |     2 ||     3
Evoke: Wand              |       |       |       |     7 |    15 |       ||    22
  Use: Potion            |       |     1 |     2 |     2 |       |     4 ||     9
       Scroll            |       |     6 |    14 |    17 |     2 |     7 ||    46
 Stab: Petrified         |       |       |       |       |     8 |       ||     8
       Petrifying        |       |       |       |       |     1 |       ||     1
       Invisible         |       |       |       |       |       |     2 ||     2
  Eat: Chunk             |       |     5 |    15 |    24 |    48 |    38 ||   130
       Fruit             |       |       |     1 |     2 |     4 |     1 ||     8
       Pizza             |       |       |     1 |       |       |       ||     1
